 Dungeon Crawl Stone Soup version 0.27-a0-1071-ga85bd9520d (webtiles) character file.

Game seed: 13694107171913607764

519 senseless the Ruffian (level 7, -4/53 HPs)
             Began as a Black Draconian Transmuter on Apr 23, 2021.
             Was a Believer of the Shining One.
             Slain by Pikel
             ... wielding a +1 whip of freezing
              (7 damage)
             ... on level 4 of the Dungeon on Apr 24, 2021.
             The game lasted 00:10:50 (3842 turns).

senseless the Ruffian (Black Draconian Transmuter)  Turns: 3842, Time: 00:10:51

Health: -4/53      AC:  7    Str: 14    XL:     7   Next: 1%
Magic:  12/12      EV: 12    Int: 14    God:    the Shining One [**....]
Gold:   156        SH:  0    Dex: 11    Spells: 12/13 levels left

rFire    . . .     SeeInvis .     - Unarmed
rCold    . . .     Faith    .   (no shield)
rNeg     + . .     Spirit   .   (armour unavailable)
rPois    .         Reflect  .   (helmet restricted)
rElec    +         Harm     .   e - +0 cloak
rCorr    .         Rampage  .   (no gloves)
Will     .....                  (no boots)
Stlth    +.........             (no amulet)
HPRegen  0.17/turn              (no ring)
MPRegen  0.13/turn              (no ring)

@: slowed, glowing, very slow
A: breathe lightning, AC +6, unfitting armour, electricity resistance,
cold-blooded
a: Breathe Lightning, Renounce Religion, Divine Shield


You were on level 4 of the Dungeon.
You worshipped the Shining One.
The Shining One was pleased with you.
You visited 1 branch of the dungeon, and saw 4 of its levels.

You collected 156 gold pieces.

Inventory:

Armour
 e - a +0 cloak (worn)
Wands
 j - a wand of digging (5)
Scrolls
 c - a scroll of teleportation
 f - a scroll of torment {unknown}
 i - a scroll of noise {unknown}
Potions
 a - a potion of flight
 b - a potion of degeneration {unknown}
 g - 2 potions of curing {unknown}
 h - a potion of heal wounds {unknown}


   Skills:
 + Level 1.7 Fighting
 + Level 2.5 Dodging
 + Level 0.8 Stealth
 + Level 5.8 Unarmed Combat
 + Level 3.6 Spellcasting
 + Level 3.5 Transmutations


You had 12 spell levels left.
You knew the following spells:

 Your Spells              Type           Power      Damage    Failure   Level
a - Beastly Appendage     Tmut           24%        N/A       4%          1

Your spell library contained the following spells:

 Spells                   Type           Power      Damage    Failure   Level
 Wereblood                Tmut           12%        N/A       7%          2
 Spider Form              Tmut/Pois      3%         N/A       28%         3
 Ice Form                 Ice/Tmut       7%         N/A       67%         4
 Hydra Form               Tmut           6%         N/A       77%         5


Dungeon Overview and Level Annotations

Branches:
Dungeon (4/15)
 Temple: D:4-7

Altars:
Cheibriados
Okawaru
Trog
The Shining One

Annotations:
D:4 Pikel


Innate Abilities, Weirdness & Mutations

You can breathe wild blasts of lightning.
Your glossy black scales are hard. (AC +6)
You cannot fit into any form of body armour.
You are resistant to electric shocks. (rElec)
You are cold-blooded and may be slowed by cold attacks.


Message History

Pikel is moderately wounded.
Pikel hits you with a +1 whip of freezing!
Pikel freezes you.
You are too injured to fight recklessly!
You closely miss Pikel. Your headbutt misses Pikel.
Your tail-slap misses Pikel.
You punch Pikel, but do no damage.
Pikel is moderately wounded.
Pikel closely misses you.
You hit Pikel but do no damage.
Your tail-slap misses Pikel.
Pikel is moderately wounded.
Pikel misses you.
You hit Pikel. Your headbutt misses Pikel.
You tail-slap Pikel, but do no damage.
Pikel is moderately wounded.
You hit Pikel. Your kick misses Pikel. You punch Pikel, but do no damage.
Pikel is moderately wounded.
Your horns disappear.
Your talons disappear.
Pikel misses you.
You hit Pikel.
Pikel is moderately wounded.
Pikel hits you with a +1 whip of freezing.
You feel yourself slow down. Pikel freezes you.
You barely miss Pikel.
Pikel is moderately wounded.
Pikel hits you with a +1 whip of freezing.
You feel as though you will be slow longer.
Pikel freezes you.
You hit Pikel but do no damage.
Pikel is moderately wounded.
Pikel hits you with a +1 whip of freezing.
* * * LOW HITPOINT WARNING * * *
Pikel freezes you.
* * * LOW HITPOINT WARNING * * *
Pikel hits you with a +1 whip of freezing.
* * * LOW HITPOINT WARNING * * *
You feel as though you will be slow longer.
Pikel freezes you.
* * * LOW HITPOINT WARNING * * *
Pikel hits you with a +1 whip of freezing!
You die...

........>...... ..
#..#.........#... #.#
#........... #..
#......##.# # #.#
##....#.##.####.#
#.###.....[.........#.
#.....#..........##...
#)###...##...........
#.# ##.###.#@....##
#.# #.# #.##K..## #.#
#.# #.###5## #.# #.#
#.# #.55.5.# #.# #.#
#.# ######.# #####.#
#.# #.# ......# #<# #.
.....## #.#
####.#####.#


You could see Pikel and 3 lemures.

Vanquished Creatures
  Sigmund (D:2)
  An ogre (D:4)
  A lemure (D:4)
  A bullfrog (D:3)
  A scorpion (D:3)
  Crazy Yiuf (D:2)
  Jessica (D:3)
  3 gnolls (D:2)
  2 adders (D:3)
  2 worms (D:3)
  A dart slug (D:2)
  An orc (D:3)
  5 endoplasms
  2 giant cockroaches
  6 hobgoblins
  5 kobolds
  3 quokkas
  4 ball pythons
  8 bats
  A frilled lizard (D:3)
  5 goblins
  5 rats
60 creatures vanquished.

Notes
Turn   | Place    | Note
-------+----------+-------------------------------------------
     0 | D:1      | senseless the Draconian Transmuter began the quest for the
                  | Orb.
     0 | D:1      | Reached XP level 1. HP: 16/16 MP: 3/3
     0 | D:1      | Upgraded the game from 0.27-a0-1065-ge809cff456 to
                  | 0.27-a0-1071-ga85bd9520d
   222 | D:1      | Reached XP level 2. HP: 20/23 MP: 3/5
   308 | D:1      | Found a faded altar of an unknown god.
   994 | D:1      | Became a worshipper of the Shining One
   994 | D:1      | Reached * piety under the Shining One
  1544 | D:2      | Reached XP level 3. HP: 26/28 MP: 4/6
  1741 | D:2      | Noticed Sigmund
  1758 | D:2      | HP: 1/28 [Sigmund/+0 scythe (7)]
  1760 | D:2      | Killed Sigmund
  1761 | D:2      | Reached skill level 4 in Unarmed Combat
  1761 | D:2      | Reached XP level 4. HP: 2/35 MP: 5/8
  1761 | D:2      | Reached XP level 5. HP: 2/40 MP: 5/9
  2473 | D:2      | Found a runed translucent door.
  2474 | D:2      | Noticed Crazy Yiuf
  2525 | D:2      | Killed Crazy Yiuf
  2643 | D:3      | Reached XP level 6. HP: 47/47 MP: 8/10
  3117 | D:3      | Reached skill level 5 in Unarmed Combat
  3247 | D:3      | Noticed Jessica
  3251 | D:3      | Killed Jessica
  3338 | D:3      | Found a snail-covered altar of Cheibriados.
  3351 | D:3      | Found an iron altar of Okawaru.
  3352 | D:3      | Found a glowing golden altar of the Shining One.
  3355 | D:3      | Found a bloodstained altar of Trog.
  3498 | D:4      | Reached ** piety under the Shining One
  3508 | D:4      | Your scales start taking on a glossy black colour.
  3508 | D:4      | Reached XP level 7. HP: 6/53 MP: 10/12
  3508 | D:4      | Gained mutation: You are resistant to electric shocks.
                  | (rElec) [Black Draconian growth]
  3818 | D:4      | Noticed Pikel
  3842 | D:4      | Slain by Pikel

Illustrated notes

Levels and vault maps discovered:
D:1:      heliophobic_arrival_dark_side_of_the_moon, layout_basic,
          basic_ecumenical_altar, minmay_misc_feat_cross, lemuel_old_faithful
D:2:      layout_loops_ring, eino_tiny_chamber, uniq_sigmund,
          uniq_crazy_yiuf_cottage
D:3:      layout_loops_ring, minitemple, uniq_jessica
D:4:      layout_loops_ring, lemuel_tele_altar, kennysheep_mini,
          minmay_temple_entry_proselytizer, uniq_pikel, uniq_menkaure,
          uniq_blork_the_orc

Skill      XL: |  1  2  3  4  5  6 |
---------------+-------------------+-----
Dodging        | 2 |  2.5
Unarmed Combat | 4 5 |  5.8
Spellcasting   | 3 |  3.6
Transmutations | 3 |  3.5
Fighting       | |  1.7
Stealth        | |  0.8

Action                   |  1- 3 |  4- 6 |  7- 9 || total
-------------------------+-------+-------+-------++-------
Melee: Unarmed           |    72 |    88 |    20 ||   180
       Kick              |    15 |    17 |     2 ||    34
       Tailslap          |     9 |     6 |     2 ||    17
       Headbutt          |     5 |     7 |     2 ||    14
       Punch             |       |     1 |     2 ||     3
 Cast: Beastly Appendage |    19 |    23 |     1 ||    43
 Abil: Breathe Lightning |       |       |     1 ||     1
  Use: Scroll            |     3 |     2 |       ||     5
       Potion            |       |     1 |       ||     1
Armor: Skin              |    20 |    27 |     1 ||    48
Dodge: Dodged            |    46 |    53 |    11 ||   110

Table legend: (Time is in decaauts)
 A = Elapsed time spent in this place.
 B = Non-inter-level travel time spent in this place.
 C = Inter-level travel time spent in this place.
 D = Time resting spent in this place.
 E = Time spent auto-exploring this place.
 F = Levels seen in this place.
 G = Mean time per level.
                   A        B        C        D        E       F      G
               +--------+--------+--------+--------+--------+-----+--------+
         Total |   3817 |   3644 |    173 |    288 |   2937 |   4 |  954.2 |
       Dungeon |   3817 |   3644 |    173 |    288 |   2937 |   4 |  954.2 |
               +--------+--------+--------+--------+--------+-----+--------+

Top non-repeatable levels by time:
     D:2: 1561 daAuts
     D:1: 1006 daAuts
     D:3: 905 daAuts
     D:4: 344 daAuts
